 Dungeon Crawl Stone Soup version 0.30-a0-1123-gabc949cf19 (webtiles) character file.

Game seed: 14550664096366206083

135328 ytrimaz the Acrobat (level 17, -10/127 HPs)
             Began as an Octopode Fighter on Apr 19, 2023.
             Was the Champion of Dithmenos.
             Mangled by a +1 scimitar of electrocution (14 damage)
             ... on level 2 of the Elven Halls on Apr 23, 2023.
             The game lasted 00:42:51 (32301 turns).

ytrimaz the Acrobat (Octopode Fighter)             Turns: 32301, Time: 00:42:51

Health: -10/127    AC:  1    Str: 15    XL:     17   Next: 19%
Magic:  0/8        EV: 43    Int: 13    God:    Dithmenos [******]
Gold:   255        SH: 13    Dex: 36    Spells: 16/16 levels left

rFire   . . .        l - +7 rapier of Trial by Ordeal {antimagic, rC+}
rCold   + . .        d - +5 buckler "Damnable Contraption" {rElec rN++ Dex+4}
rNeg    + + +        (helmet restricted)
rPois   +            L - amulet of Qaupost {Spirit Dex+5}
rElec   +            t - ring of flight
rCorr   .            q - ring of willpower
SInv    .            v - ring "Podevob" {rN+ Will+ Dex+4}
Will    ++++.        B - +6 ring of dexterity Stlth ******++++
                     u - ring of willpower
HPRegen 0.41/turn    C - ring of positive energy
MPRegen 0.11/turn    i - ring of magical power
                     T - ring of poison resistance

%: guardian spirit
@: flying, wreathed by umbra
A: almost no armour, amphibious, 8 rings, camouflage 1, gelatinous body 1,
(nimble swimmer 1), tentacles
a: Renounce Religion, Shadow Step, Shadow Form


You were on level 2 of the Elven Halls.
You worshipped Dithmenos.
Dithmenos was exalted by your worship.
You visited 5 branches of the dungeon, and saw 25 of its levels.
You also visited: Bailey and Ice Cave.

You collected 2227 gold pieces.
You spent 1972 gold pieces at shops.


Innate Abilities, Weirdness & Mutations

You cannot wear most types of armour.
You are amphibious.
You can wear up to eight rings at the same time.
Your skin changes colour to match your surroundings (Stealth+).
Your rubbery body absorbs attacks. (AC +1, EV +1)
((You are camouflaged when in or above water. (Stealth+)))
You have tentacles for arms and can constrict up to eight enemies at once.


   Skills:
 - Level 15.0 Fighting
 - Level 8.7(9.5) Short Blades
 + Level 5.8(8.1) Long Blades
 - Level 22.0 Dodging
 + Level 16.1 Stealth
 - Level 3.0 Shields


You had 16 spell levels left.
You didn't know any spells.
Your spell library contained the following spells:

 Spells                   Type           Power      Damage    Failure   Level
 Apportation              Tloc           0%         N/A       38%         1
 Beastly Appendage        Tmut           0%         N/A       38%         1
 Freeze                   Ice            0%         1d3       38%         1
 Shock                    Conj/Air       0%         1d3       38%         1
 Sting                    Tmut/Pois      0%         1d3       38%         1
 Ensorcelled Hibernation  Hex/Ice        0%         N/A       52%         2
 Momentum Strike          Conj/Tloc      0%         3d8       52%         2
 Passwall                 Tmut/Erth      0%         N/A       52%         2
 Poisonous Vapours        Pois/Air       0%         N/A       52%         2
 Wereblood                Tmut           0%         N/A       52%         2
 Frozen Ramparts          Ice            0%         1d1       77%         3
 Gell's Gravitas          Tloc           0%         N/A       77%         3
 Hailstorm                Conj/Ice       0%         3d3       77%         3
 Mephitic Cloud           Conj/Pois/Air  0%         N/A       77%         3
 Spider Form              Tmut/Pois      0%         N/A       77%         3
 Swiftness                Air            0%         N/A       77%         3
 Teleport Other           Tloc           0%         N/A       77%         3
 Fulminant Prism          Conj/Hex       0%         3d5       99%         4
 Leda's Liquefaction      Hex/Erth       0%         N/A       99%         4
 Olgreb's Toxic Radiance  Pois           0%         N/A       99%         4
 Alistair's Intoxication  Tmut/Pois      0%         N/A       100%        5
 Blade Hands              Tmut           0%         N/A       100%        5
 Fireball                 Conj/Fire      0%         3d3       100%        5
 Freezing Cloud           Conj/Ice/Air   0%         6-21      100%        5
 Irradiate                Conj/Tmut      0%         3d11      100%        5
 Iskenderun's Battlesphe  Conj           0%         2d6       100%        5
 Lee's Rapid Deconstruct  Erth           0%         3d4*      100%        5
 Conjure Ball Lightning   Conj/Air       0%         3x3d6     100%        6
 Dispersal                Tloc           0%         N/A       100%        6
 Statue Form              Tmut/Erth      0%         N/A       100%        6
 Dragon Form              Tmut           0%         N/A       100%        7
 Orb of Destruction       Conj           0%         9d5       100%        7
 Fire Storm               Conj/Fire      0%         5d1       100%        9

Inventory:

Hand Weapons
 a - a +1 long sword
 l - the +7 rapier of Trial by Ordeal (weapon) {antimagic, rC+}
   (You found it on level 3 of the Dungeon)

   rC:        It protects you from cold.
 o - the +10 zealot's sword {holy, Zealotry, *Rage rN+ EV+3}
   (You bought it in a shop on level 8 of the Dungeon)

   Zealotry:  Whenever the wielder enters a berserk rage, their allies are
   berserked alongside them.
   EV:        It affects your evasion (+3).
   rN:        It protects you from negative energy.
   *Rage:     It berserks you when you make melee attacks (+20% chance).
Missiles
 N - 2 throwing nets
Armour
 d - the +5 buckler "Damnable Contraption" (worn) {rElec rN++ Dex+4}
   (You acquired it in a bailey)

   Dex:       It affects your dexterity (+4).
   rElec:     It insulates you from electricity.
   rN:        It greatly protects you from negative energy.
Jewellery
 i - a ring of magical power (on tentacle)
   (You found it on level 15 of the Dungeon)
 q - a ring of willpower (right tentacle)
   (You took it off a kobold on level 3 of the Dungeon)
 t - a ring of flight (left tentacle)
   (You found it on level 4 of the Dungeon)
 u - a ring of willpower (on tentacle)
   (You took it off a gnoll on level 5 of the Dungeon)
 v - the ring "Podevob" (on tentacle) {rN+ Will+ Dex+4}
   (You took it off a kobold on level 4 of the Dungeon)

   [ring of positive energy]

   Dex:       It affects your dexterity (+4).
   rN:        It protects you from negative energy.
   Will:      It increases your willpower.
 B - a +6 ring of dexterity (on tentacle)
   (You found it on level 6 of the Dungeon)
 C - a ring of positive energy (on tentacle)
   (You found it on level 6 of the Dungeon)
 H - an amulet of faith
   (You found it on level 11 of the Dungeon)
 L - the amulet of Qaupost (around mantle) {Spirit Dex+5}
   (You found it on level 13 of the Dungeon)

   [amulet of guardian spirit]

   It causes incoming damage to be divided between your reserves of health and
   magic.
   Dex:       It affects your dexterity (+5).
 M - a +6 ring of intelligence
   (You found it on level 14 of the Dungeon)
 O - an amulet of guardian spirit
   (You found it on level 1 of the Lair of Beasts)
 R - a ring of magical power
   (You found it on level 3 of the Lair of Beasts)
 T - a ring of poison resistance (on tentacle)
   (You found it on level 4 of the Lair of Beasts)
 W - an amulet of the acrobat
   (You found it on level 4 of the Lair of Beasts)
Wands
 y - a wand of paralysis (6) (quivered)
   (You found it on level 5 of the Dungeon)
 A - a wand of flame (52)
   (You found it on level 6 of the Dungeon)
 I - a wand of iceblast (22)
   (You found it on level 9 of the Dungeon)
 J - a wand of polymorph (4)
   (You found it on level 12 of the Dungeon)
 P - a wand of digging (4)
   (You found it on level 2 of the Lair of Beasts)
 Y - a wand of light (7)
   (You found it on level 1 of the Elven Halls)
Scrolls
 f - 9 scrolls of identify
 g - 2 scrolls of summoning
 h - 5 scrolls of amnesia
 k - 2 scrolls of magic mapping
 x - 3 scrolls of enchant armour
 D - 3 scrolls of teleportation
 E - a scroll of silence
 K - 3 scrolls of immolation
 Q - a scroll of fog
 U - a scroll of enchant weapon
 X - 3 scrolls of fear
Potions
 b - a potion of invisibility
 c - 5 potions of might
 e - 3 potions of attraction
 j - 3 potions of flight
 m - 3 potions of magic
 n - 3 potions of lignification
 p - 2 potions of ambrosia
 r - 2 potions of resistance
 s - 7 potions of haste
 w - 3 potions of brilliance
 z - 2 potions of mutation
 F - 13 potions of curing
 G - a potion of cancellation
 V - 2 potions of berserk rage

Dungeon Overview and Level Annotations

Branches:
Dungeon (15/15) Zot: 23519  Temple (1/1) D:4 Zot: 5879    Lair (5/5) D:11 Zot: 24216
 Shoals (0/4) Lair:2       Spider (0/4) Lair:2        Slime (0/5) Lair:4
    Orc (2/2) D:11 Zot: 9273     Elf (2/3) Orc:2 Zot: 9810  Vaults (0/5) D:13
 Depths (0/4) D:15         Bailey (visited)           IceCv (visited)

Altars:
Ashenzari
Cheibriados
Dithmenos
Elyvilon
Fedhas
Gozag
Hepliaklqana
Kikubaaqudgha
Makhleb
Nemelex Xobeh
Okawaru
Qazlal
Ru
Sif Muna
Trog
Uskayaw
Vehumet
Wu Jian
Xom
Yredelemnul
Zin
The Shining One

Shops:
D:1 [[(   D:3 *   D:5 *   D:8 *   D:13 *   D:14 [   D:15 [   Orc:1 !
Orc:2 [*[[   Elf:2 [

Portals:
Hell: Lair:5
Abyss: Lair:2

Annotations:
D:3 1 runed translucent door, Crazy Yiuf
Lair:2 2 transporters, TheSexyCheese's ghost, journeyman OgFE
Elf:1 1 runed translucent door

....(..#...#.....
......#.....#(...
.....#.......#...
....#(........#..
..#...........#.
#......§......#
######§§.#####
#########(e'######
#.##§§@#§e§..#...#
#.##§§#(#§..#.#..# #
##'##§#§§§#)#...#.# #
##....#.....#.....## #
##......#...#.#...#.# #
##........#.#...#.#..# #
##.........)#..)..#)..#
######..........#.#...#.#..#
.....'......<..#...#.#...#.#


You could see a +1 scimitar of electrocution.


Message History

Deactivating autopickup; reactivate with Ctrl-A.
You impale something!!
Your shadow hits something with a rapier!
You hear some strange, mumbled words.
A shard of ice appears from out of thin air!
You block the shard of ice.
You miss something.
Your shadow hits something with a rapier.
You block something's attack. 😨 HP[+1]
You miss something. You puncture something! Dithmenos accepts your kill.
Reactivating autopickup.
You feel a bit more experienced.
Your Stealth skill increases to level 16! 😨 MP[+1]
You impale the deep elf zephyrmancer!!
The deep elf zephyrmancer's magic leaks into the air.
Your grab misses the deep elf zephyrmancer.
Your shadow hits the deep elf zephyrmancer with a rapier!
The deep elf zephyrmancer closely misses you.
You barely miss the deep elf zephyrmancer.
Your grab misses the deep elf zephyrmancer.
Your shadow hits the deep elf zephyrmancer with a rapier.
The deep elf zephyrmancer's magic is no longer disrupted.
You block the deep elf zephyrmancer's attack. 😨 HP[+1]
You hit the deep elf zephyrmancer.
The deep elf zephyrmancer's magic leaks into the air.
You grab the deep elf zephyrmancer.
Your squeeze misses the deep elf zephyrmancer.
Your shadow hits the deep elf zephyrmancer with a rapier!
You kill the deep elf zephyrmancer!
Dithmenos accepts your kill.
You hit the +0 scimitar of holy wrath but do no damage.
You grab the +0 scimitar of holy wrath.
You constrict the +0 scimitar of holy wrath, but do no damage.
The +0 scimitar of holy wrath hits you!
* * * LOW HITPOINT WARNING * * *
The +0 scimitar of holy wrath completely misses you. 😨 HP[-9] MP[-1]
You take 9 damage, and now have 40/127 hp.
You lost 1 mp, and now have 3/8 mp.
You puncture the +0 scimitar of holy wrath!
You squeeze the +0 scimitar of holy wrath.
You constrict the +0 scimitar of holy wrath, but do no damage.
The +0 scimitar of holy wrath hits you!
* * * LOW HITPOINT WARNING * * *
😱 HP[-13] MP[-1]
You take 13 damage, and now have 27/127 hp.
You lost 1 mp, and now have 2/8 mp.
You hit the +0 scimitar of holy wrath but do no damage.
Your squeeze misses the +0 scimitar of holy wrath.
You constrict the +0 scimitar of holy wrath.
The +0 scimitar of holy wrath completely misses you.
You hit the +0 scimitar of holy wrath.
Your shadow hits the +0 scimitar of holy wrath but does no damage.
You constrict the +0 scimitar of holy wrath.
You block the +0 scimitar of holy wrath's attack.
You puncture the +0 scimitar of holy wrath!
The +0 scimitar of holy wrath falls from the air.
Dithmenos accepts your kill. 😱 HP[+1]
You puncture the +1 scimitar of electrocution!
Your grab misses the +1 scimitar of electrocution.
The +1 scimitar of electrocution hits you!!
* * * LOW HITPOINT WARNING * * *
You emit a cloud of dark smoke.
You block the +1 scimitar of electrocution's attack. 😱 HP[-22] MP[-2]
You take 22 damage, and now have 6/127 hp.
You lost 2 mp, and now have 0/8 mp.
You hit the +1 scimitar of electrocution.
Your grab misses the +1 scimitar of electrocution.
You squeeze the +1 scimitar of electrocution!
Your shadow closely misses the +1 scimitar of electrocution.
The +1 scimitar of electrocution completely misses you.
Unknown command.
You feel much better.
You block the +1 scimitar of electrocution's attack. 😨 HP[+26]
You regained 26 hp, and now have 32/127 hp.
You hit the +1 scimitar of electrocution but do no damage.
You grab the +1 scimitar of electrocution.
You squeeze the +1 scimitar of electrocution, but do no damage.
Your shadow hits the +1 scimitar of electrocution but does no damage.
You constrict the +1 scimitar of electrocution, but do no damage.
The +1 scimitar of electrocution completely misses you. 😨 MP[+1] Unknown command.
You hit the +1 scimitar of electrocution but do no damage.
You squeeze the +1 scimitar of electrocution.
Your shadow completely misses the +1 scimitar of electrocution.
You constrict the +1 scimitar of electrocution.
The +1 scimitar of electrocution hits you!!
* * * LOW HITPOINT WARNING * * *
You emit a cloud of dark smoke.
The +1 scimitar of electrocution hits you!
You die...

Skill      XL: |  1  2  3  4  5  6  7  8  9 10 11 12 13 14 15 16 17 |
---------------+----------------------------------------------------+-----
Long Blades    | 3 4 5 |  5.8
Dodging        | 4 5 6 8 9 11 13 15 17 19 21 22 | 22.0
Short Blades   | 1 2 6 8 |  8.7
Stealth        | 2 6 7 10 12 15 16 | 16.1
Fighting       | 6 8 10 12 13 15 | 15.0
Shields        | |  3.0

Action                     |  1- 3 |  4- 6 |  7- 9 | 10-12 | 13-15 | 16-18 || total
---------------------------+-------+-------+-------+-------+-------+-------++-------
  Melee: Long sword        |    46 |    28 |       |       |       |       ||    74
         Constrict         |    12 |    26 |    41 |    51 |   155 |    65 ||   350
         Tentacles         |    12 |    25 |    37 |   167 |   458 |   131 ||   830
         Rapier            |       |    84 |   158 |   594 |  1335 |   386 ||  2557
         Punch             |       |     1 |     2 |    13 |    22 |    13 ||    51
         Eudemon blade     |       |       |       |       |       |     6 ||     6
 Invoke: Shadow Step       |       |       |       |       |     1 |       ||     1
  Evoke: Wand              |       |       |     2 |     4 |    20 |       ||    26
    Use: Potion            |     1 |       |     1 |     1 |     7 |     2 ||    12
         Scroll            |       |       |       |    15 |    18 |     5 ||    38
   Stab: Sleeping          |     2 |     8 |     5 |    48 |    73 |    49 ||   185
         Paralysed         |       |       |     2 |     2 |       |       ||     4
         Distracted        |       |       |       |     1 |     9 |     3 ||    13
 Armour: Skin              |     5 |     8 |     6 |     5 |     8 |     4 ||    36
  Dodge: Dodged            |    29 |    85 |   121 |   536 |  1582 |   310 ||  2663
  Block: Buckler           |    13 |    31 |    27 |   403 |  1072 |   213 ||  1759

Levels and vault maps discovered:
D:1:      eino_arrival_water_cross, layout_loops_cross, serial_shops, shop,
          shop, shop_fountains, serial_co_window_serial, co_window_corner_a,
          co_window_paths_a, co_window_of_opportunity_a,
          co_window_of_opportunity_a, co_window_paths_a, co_window_cross_1,
          co_window_paths_b, co_window_corner_cb, co_window_paths_c,
          co_window_2corner, co_window_broadway_b, co_window_unsneaky_path_c,
          glass_columns_c
D:2:      layout_loops_ring, basic_altar, uniq_terence
D:3:      layout_basic, dk_xom_monty_hall, serial_shops,
          nicolae_shop_tiny_statue_garden, uniq_crazy_yiuf_cottage
D:4:      minmay_octagon_keep, layout_rooms, minmay_temple_entry_mini_moons,
          grunt_decor_junction
D:5:      layout_basic, grunt_qazlal_sundering, nicolae_shop_clearance
D:6:      layout_basic, mainiacjoe_overflow_catch_the_wave, uniq_pikel
D:7:      layout_basic, enter_bailey_3, david_defended_altar_orc
D:8:      layout_rooms, serial_shops, nicolae_square_shop, grunt_ministairs_4,
          minivault_21, minmay_crystal_room, hex_large,
          kennysheep_generic_room_12
D:9:      layout_long_grid, nicolae_vehumet_altar_sigil,
          mainiacjoe_overflow_brackets, mainiacjoe_overflow_two_lobes,
          nrook_campfire, nzn_sisyphean_effort
D:10:     layout_basic, uniq_snorg, uniq_erolcha
D:11:     layout_basic, erik_lair_island, minmay_orc_entry_temple_small,
          st_stairs_12
D:12:     layout_irregular_city, lemuel_flamethrower_3
D:13:     layout_irregular_city, ximxim_vaults_locker_room, serial_shops,
          kennysheep_mini_moat, minmay_misc_feat_tiny, grunt_ogre_cave,
          uniq_nessos
D:14:     layout_irregular_city, nicolae_cairo_tiling, nicolae_take_the_stairs,
          uniq_frances, uniq_azrael
D:15:     gammafunk_depths_entry_grave, layout_stronghold,
          minmay_misc_feat_room, serial_shops, shop, kennysheep_kite_vault
Temple:   nicolae_temple_superstar
Lair:1:   lemuel_reptile_caves, layout_regular_city, lemuel_old_faithful,
          uniq_amaemon
Lair:2:   beast_lair_carwin_large_2, layout_concentric_octagons,
          elwin_shoals_entry_stream, hellmonk_spider_entry_not_the_bees,
          gammafunk_ghost_abyssal_escape, infiniplex_staircase_pool, uniq_urug
Lair:3:   layout_chaotic_city, infiniplex_staircase_pool_2, uniq_kirke
Lair:4:   layout_cave_pods, minmay_slime_entry_pillars
Lair:5:   evil_forest, layout_misc_corridors
Orc:1:    layout_caves, serial_shops, shop
Orc:2:    st_orc_town, layout_caves
Elf:1:    nicolae_elf_arrival_dilemma, layout_geoelf_diagonals,
          minmay_elf_annihilation, minivault_11
Elf:2:    nicolae_elf_blades_splatter_lattice [nicolae_blade_lattice],
          layout_gridlike, portal_ice_cave_entry_dragon, serial_shops, shop,
          serial_sigils_hangedman_writhe, uniq_agnes

Notes
Turn   | Place    | Note
-------+----------+-------------------------------------------
     0 | D:1      | ytrimaz the Octopode Fighter began the quest for the Orb.
     0 | D:1      | Reached XP level 1. HP: 16/16 MP: 1/1
     0 | D:1      | magus.rc [v1.9.6]
   145 | D:1      | You add the spells Gell's Gravitas, Teleport Other and
                  | Dispersal to your library.
   207 | D:1      | Reached XP level 2. HP: 20/21 MP: 2/2
   431 | D:1      | Found Ucsorera's Antique Weapon Emporium.
   533 | D:1      | Found Puyps's Armour Shop.
   538 | D:1      | Found Web Vamy's Antique Armour Shoppe.
  1009 | D:1      | Reached XP level 3. HP: 26/26 MP: 3/3
  1146 | D:2      | Noticed Terence
  1160 | D:2      | Killed Terence
  1161 | D:2      | Reached skill level 3 in Long Blades
  1289 | D:2      | Found a glowing golden altar of the Shining One.
  1293 | D:2      | Reached skill level 4 in Dodging
  1300 | D:2      | Reached XP level 4. HP: 31/31 MP: 4/4
  1409 | D:2      | You pick up a book of Frost and begin reading...
  1409 | D:2      | You add the spells Freeze, Frozen Ramparts and Hailstorm to
                  | your library.
  1900 | D:3      | Identified the +7 rapier of Trial by Ordeal {antimagic,
                  | rC+}
  2047 | D:3      | Found Fodiec's General Store.
  2056 | D:3      | Bought a potion of lignification for 36 gold pieces
  2056 | D:3      | Bought a scroll of blinking for 90 gold pieces
  2260 | D:3      | Reached XP level 5. HP: 29/36 MP: 1/5
  2321 | D:3      | Reached skill level 1 in Short Blades
  2565 | D:3      | Found a shimmering altar of Xom.
  2582 | D:3      | Reached skill level 5 in Dodging
  2717 | D:3      | Reached XP level 6. HP: 42/42 MP: 2/6
  2825 | D:3      | Found a runed translucent door.
  2826 | D:3      | Noticed Crazy Yiuf
  3171 | D:4      | Found a staircase to the Ecumenical Temple.
  3207 | D:4      | Reached skill level 2 in Short Blades
  3587 | D:4      | Reached skill level 1 in Stealth
  3639 | D:4      | Identified the ring "Podevob" {rN+ Will+ Dex+4}
  3791 | D:5      | Entered Level 5 of the Dungeon
  3801 | D:5      | Found Linkomn's CLEARANCE SALE!.
  3901 | D:5      | Noticed a black bear
  3910 | D:5      | Killed a black bear
  3911 | D:5      | Reached skill level 6 in Dodging
  3911 | D:5      | Reached skill level 2 in Stealth
  4007 | D:5      | Reached XP level 7. HP: 46/46 MP: 2/7
  4017 | D:5      | Reached skill level 3 in Stealth
  4193 | D:4      | HP: 9/46 [gnoll/+0 flail (4)]
  4341 | Temple   | Entered the Ecumenical Temple
  4442 | Temple   | Became a worshipper of Dithmenos the Shadowed
  4504 | D:5      | HP: 8/46 [black bear (5)]
  4617 | D:5      | Reached skill level 7 in Dodging
  4902 | D:5      | You add the spells Sting, Poisonous Vapours and Olgreb's
                  | Toxic Radiance to your library.
  4957 | D:5      | Reached skill level 4 in Stealth
  4992 | D:5      | Found a stormy altar of Qazlal.
  5002 | D:5      | Identified the +5 war axe of Fioghoiha {freeze, rF+ Int-3
                  | Stlth+}
  5145 | D:6      | Found a broken altar of Ashenzari.
  5177 | D:6      | Found a bloodstained altar of Trog.
  5343 | D:6      | Noticed Pikel
  5425 | D:6      | Killed Pikel
  5426 | D:6      | Reached skill level 8 in Dodging
  5426 | D:6      | Reached skill level 6 in Stealth
  5426 | D:6      | Reached XP level 8. HP: 20/52 MP: 2/8
  6131 | D:7      | Reached skill level 9 in Dodging
  6261 | D:7      | Reached skill level 7 in Stealth
  6381 | D:7      | Found a flagged portal.
  6394 | Bailey   | Entered a bailey
  6455 | Bailey   | Reached XP level 9. HP: 45/56 MP: 3/9
  6465 | Bailey   | HP: 14/56 [human/+0 war axe (10)]
  6466 | Bailey   | Reached * piety under Dithmenos
  6472 | Bailey   | Reached skill level 8 in Stealth
  6726 | Bailey   | Reached skill level 10 in Dodging
  6876 | Bailey   | Reached skill level 9 in Stealth
  6889 | Bailey   | Reached skill level 11 in Dodging
  7002 | Bailey   | Noticed a vault guard
  7002 | Bailey   | Noticed Prince Ribbit
  7044 | Bailey   | Killed Prince Ribbit
  7186 | Bailey   | Killed a vault guard
  7187 | Bailey   | Reached skill level 10 in Stealth
  7187 | Bailey   | Reached XP level 10. HP: 63/63 MP: 3/10
  7233 | Bailey   | Noticed a vault guard
  7253 | Bailey   | Reached skill level 12 in Dodging
  7266 | Bailey   | Killed a vault guard
  7267 | Bailey   | Reached skill level 11 in Stealth
  7490 | Bailey   | Identified a scroll of acquirement
  7501 | D:7      | Acquired the +5 buckler "Damnable Contraption" {rElec rN++
                  | Dex+4}
  8200 | D:7      | HP: 15/63 [yak (7)]
  8618 | D:8      | Reached skill level 13 in Dodging
  8654 | D:8      | Reached ** piety under Dithmenos
  8711 | D:8      | Identified the +3 buckler of Depression {rC+}
  8814 | D:8      | Reached skill level 12 in Stealth
  8848 | D:8      | Reached XP level 11. HP: 43/67 MP: 3/11
  8866 | D:8      | Reached skill level 14 in Dodging
  9061 | D:8      | Found Esefaet's General Store.
  9375 | D:9      | Reached *** piety under Dithmenos
  9500 | D:9      | HP: 15/68 [yak (5)]
  9757 | D:9      | Found an ornate altar of the Wu Jian Council.
  9761 | D:9      | Reached skill level 4 in Fighting
  9923 | D:9      | Noticed a boulder beetle
  9931 | D:9      | Killed a boulder beetle
 10223 | D:9      | Found an opulent altar of Gozag.
 10262 | D:9      | Found a glowing golden altar of the Shining One.
 10409 | D:9      | Found a radiant altar of Vehumet.
 10521 | D:10     | Entered Level 10 of the Dungeon
 10572 | D:10     | Reached skill level 15 in Dodging
 10608 | D:10     | Reached skill level 5 in Fighting
 10837 | D:10     | Noticed Erolcha
 10844 | D:10     | Killed Erolcha
 10865 | D:10     | Noticed a two-headed ogre
 10873 | D:10     | Killed a two-headed ogre
 10978 | D:10     | Reached **** piety under Dithmenos
 10987 | D:10     | Reached skill level 6 in Fighting
 10987 | D:10     | Reached XP level 12. HP: 79/79 MP: 4/12
 11398 | D:10     | Noticed Snorg
 11407 | D:10     | Killed Snorg
 11408 | D:10     | Reached skill level 16 in Dodging
 11807 | D:11     | Noticed a boulder beetle
 11843 | D:11     | Killed a boulder beetle
 11855 | D:11     | Found a staircase to the Lair.
 11898 | D:11     | Reached skill level 7 in Fighting
 12101 | D:11     | Found a staircase to the Orcish Mines.
 12733 | D:11     | Upgraded the game from 0.30-a0-1112-gfb780f5df6 to
                  | 0.30-a0-1114-gd936c97349
 12733 | D:11     | magus.rc [v1.9.6]
 12995 | D:12     | You pick up a book of Party Tricks and begin reading...
 12995 | D:12     | You add the spells Apportation and Alistair's Intoxication
                  | to your library.
 13182 | D:12     | Reached skill level 17 in Dodging
 13208 | D:12     | HP: 14/82 [yak (17)]
 13217 | D:12     | HP: 8/82 [yak (9)]
 13434 | D:12     | Reached skill level 8 in Fighting
 13562 | D:12     | You pick up a book of Changes and begin reading...
 13562 | D:12     | You add the spells Beastly Appendage, Wereblood and Spider
                  | Form to your library.
 13909 | D:13     | Noticed a catoblepas
 13914 | D:13     | Noticed a six-headed hydra
 13915 | D:13     | Killed a catoblepas
 13923 | D:13     | Killed a six-headed hydra
 13924 | D:13     | Reached XP level 13. HP: 74/89 MP: 4/13
 14086 | D:11     | HP: 10/90 [slime creature (19)]
 14681 | D:13     | Reached skill level 9 in Fighting
 14681 | D:13     | Reached skill level 18 in Dodging
 14692 | D:13     | Noticed a vault guard
 14809 | D:12     | HP: 9/90 [vault guard/+1 heavy battleaxe (41)]
 14818 | D:12     | Killed a vault guard
 15061 | D:13     | Noticed Nessos
 15066 | D:13     | Killed Nessos
 15068 | D:13     | Upgraded the game from 0.30-a0-1114-gd936c97349 to
                  | 0.30-a0-1116-gebefce21f7
 15068 | D:13     | magus.rc [v1.9.6]
 15110 | D:13     | Reached ***** piety under Dithmenos
 15215 | D:13     | Identified the amulet of Qaupost {Spirit Dex+5}
 15330 | D:13     | Found Woplemn's General Store.
 15416 | D:13     | Found a gate to the Vaults.
 15822 | D:14     | Noticed Frances
 15860 | D:14     | Killed Frances
 16130 | D:14     | Identified +0 pearl dragon scales
 16187 | D:14     | Reached skill level 10 in Fighting
 16291 | D:14     | Reached skill level 19 in Dodging
 16390 | D:14     | HP: 20/92 [skeletal warrior/+0 halberd (13)]
 16963 | D:14     | Noticed Azrael
 17021 | D:14     | HP: 13/93 [Azrael/fireball (14)]
 17027 | D:14     | Killed Azrael
 17028 | D:14     | Reached XP level 14. HP: 41/99 MP: 2/14
 17211 | D:14     | Found Leopsah's Antique Armour Emporium.
 17301 | D:14     | HP: 17/99 [manticore (21)]
 17966 | D:15     | Entered Level 15 of the Dungeon
 18013 | D:15     | Found a staircase to the Depths.
 18024 | D:15     | HP: 20/99 [eight-headed hydra (12)]
 18300 | D:15     | Reached skill level 11 in Fighting
 18402 | D:15     | HP: 22/101 [two-headed ogre/+0 dire flail (7)]
 18405 | D:15     | Found Zastiu's Antique Armour Shoppe.
 18870 | D:15     | Reached skill level 20 in Dodging
 19438 | D:15     | Reached skill level 12 in Fighting
 19764 | D:15     | HP: 21/103 [seven-headed hydra (10)]
 19792 | D:15     | HP: 21/103 [centaur warrior (13)]
 20732 | D:15     | Reached skill level 21 in Dodging
 20738 | D:15     | Reached XP level 15. HP: 84/108 MP: 6/15
 20866 | D:15     | You pick up a book of the Spheres and begin reading...
 20866 | D:15     | You add the spells Iskenderun's Battlesphere, Fireball,
                  | Conjure Ball Lightning and Orb of Destruction to your
                  | library.
 21040 | Orc:1    | Entered Level 1 of the Orcish Mines
 21260 | Orc:1    | Found Wygic's Distillery.
 21269 | Orc:1    | Bought a potion of invisibility for 136 gold pieces
 21309 | Orc:1    | Reached ****** piety under Dithmenos
 21974 | Orc:2    | Entered Level 2 of the Orcish Mines
 22206 | Orc:2    | Found Mastess's Antique Armour Boutique.
 22354 | Orc:2    | Found Buesh's General Store.
 22375 | Orc:2    | HP: 27/109 [orc knight/+0 battleaxe (24)]
 22379 | Orc:2    | HP: 1/109 [orc knight/+0 great sword (28)]
 22419 | Orc:2    | Found a staircase to the Elven Halls.
 22691 | Orc:2    | Bought a scroll of identify for 24 gold pieces
 22823 | Orc:2    | Reached skill level 3 in Short Blades
 23037 | Orc:2    | Found Bituj's Antique Armour Emporium.
 23037 | Orc:2    | Found Butwomeu's Armour Boutique.
 23511 | Lair:1   | Entered Level 1 of the Lair of Beasts
 24056 | Lair:1   | Noticed Amaemon
 24062 | Lair:1   | Upgraded the game from 0.30-a0-1116-gebefce21f7 to
                  | 0.30-a0-1123-gabc949cf19
 24062 | Lair:1   | magus.rc [v1.9.6]
 24071 | Lair:1   | Killed Amaemon
 24072 | Lair:1   | Reached skill level 13 in Fighting
 24072 | Lair:1   | Reached skill level 4 in Short Blades
 24728 | Lair:2   | Found a transporter.
 24728 | Lair:2   | Found a one-way gate to the infinite horrors of the Abyss.
 24728 | Lair:2   | Noticed TheSexyCheese's ghost (journeyman OgFE)
 24907 | Lair:2   | Found a hole to the Spider Nest.
 24955 | Lair:2   | Noticed Urug
 24962 | Lair:2   | Killed Urug
 25114 | Lair:2   | Found a transporter.
 25202 | Lair:2   | Found a staircase to the Shoals.
 25592 | Lair:3   | You pick up a book of Transfigurations and begin reading...
 25592 | Lair:3   | You add the spells Irradiate, Blade Hands and Dragon Form
                  | to your library.
 25659 | Lair:3   | Reached skill level 22 in Dodging
 25813 | Lair:3   | Noticed Kirke
 25829 | Lair:3   | Killed Kirke
 25830 | Lair:3   | Reached skill level 5 in Short Blades
 26845 | Lair:4   | You pick up a book of Burglary and begin reading...
 26845 | Lair:4   | You add the spells Passwall, Ensorcelled Hibernation and
                  | Swiftness to your library.
 27041 | Lair:4   | Found a staircase to the Slime Pits.
 27600 | Lair:4   | Reached skill level 6 in Short Blades
 27600 | Lair:4   | Reached XP level 16. HP: 117/117 MP: 8/16
 27838 | Lair:5   | Entered Level 5 of the Lair of Beasts
 28462 | Lair:5   | Reached skill level 14 in Fighting
 28462 | Lair:5   | Reached skill level 13 in Stealth
 28793 | Lair:5   | Reached skill level 7 in Short Blades
 28818 | Lair:5   | Found a burning altar of Makhleb.
 29172 | Lair:5   | Found a gateway to Hell.
 29179 | Lair:5   | Identified the staff of conjuration "Corom" {Fly rPois rC-
                  | rCorr}
 29187 | Lair:5   | You pick up a book of Vapours and begin reading...
 29187 | Lair:5   | You add the spells Mephitic Cloud and Freezing Cloud to
                  | your library.
 29586 | Elf:1    | Entered Level 1 of the Elven Halls
 29586 | Elf:1    | Found a runed translucent gate.
 29586 | Elf:1    | Found a runed translucent gate.
 29586 | Elf:1    | Found a runed translucent gate.
 29586 | Elf:1    | Found a runed translucent gate.
 29586 | Elf:1    | Found a runed translucent gate.
 29586 | Elf:1    | Found a runed translucent gate.
 29587 | Elf:1    | Found a runed translucent door.
 29589 | Elf:1    | Found a runed translucent door.
 29848 | Elf:1    | Reached skill level 14 in Stealth
 29853 | Elf:1    | Reached skill level 8 in Short Blades
 29986 | Elf:1    | Identified the +2 ring mail of the Black Moon {Will- Regen+
                  | Stlth+}
 30134 | Elf:1    | HP: 5/120 [deep elf annihilator/iron shot (47)]
 30161 | Elf:1    | HP: 6/120 [deep elf zephyrmancer/bolt of lightning (9)]
 30596 | Elf:1    | You add the spells Shock, Momentum Strike, Fulminant Prism
                  | and Fire Storm to your library.
 30596 | Elf:1    | Got the Exposition on Outbursts
 30775 | Elf:1    | You pick up a book of the Earth and begin reading...
 30775 | Elf:1    | You add the spells Leda's Liquefaction, Lee's Rapid
                  | Deconstruction and Statue Form to your library.
 31064 | D:8      | Bought the +10 zealot's sword {holy, Zealotry, *Rage rN+
                  | EV+3} for 1686 gold pieces
 31064 | D:8      | Found the +10 zealot's sword {holy, Zealotry, *Rage rN+
                  | EV+3}
 31486 | Elf:2    | Found Usic's Antique Armour Shop.
 31595 | Elf:2    | Found a runed translucent gate.
 31595 | Elf:2    | Found a runed translucent gate.
 31595 | Elf:2    | Found a runed translucent gate.
 31598 | Elf:2    | Reached skill level 15 in Stealth
 31606 | Elf:2    | Reached skill level 15 in Fighting
 31606 | Elf:2    | Reached skill level 4 in Long Blades
 31635 | Elf:2    | Reached XP level 17. HP: 118/127 MP: 8/17
 31758 | Elf:2    | Reached skill level 5 in Long Blades
 31915 | Elf:2    | Found a frozen archway.
 31924 | IceCv    | Entered an ice cave
 32289 | Elf:2    | Reached skill level 16 in Stealth
 32293 | Elf:2    | HP: 27/127 [+0 scimitar of holy wrath (14)]
 32297 | Elf:2    | HP: 6/127 [+1 scimitar of electrocution (22)]
 32301 | Elf:2    | Mangled by a +1 scimitar of electrocution

Vanquished Creatures
  Frances (D:14)
  Kirke (Lair:3)
  4 deep elf annihilators
  Nessos (D:13)
  Azrael (D:14)
  Snorg (D:10)
  A deep elf death mage (Elf:2)
  2 vault guards (Bailey)
  6 hydras
  An ice dragon (Elf:2)
  Erolcha (D:10)
  A catoblepas (D:13)
  4 centaur warriors
  3 ogre magi (D:15)
  11 two-headed ogres
  5 boulder beetles
  12 dancing weapons (Elf:2)
  2 tengu warriors
  Urug (Lair:2)
  6 deep elf knights
  A sun demon (Lair:5)
  Amaemon (Lair:1)
  3 skysharks
  7 skeletal warriors
  A spark wasp zombie (D:15)
  A flayed ghost (D:15)
  3 wizards
  2 bog bodies (IceCv)
  Pikel (D:6)
  9 orc knights
  4 deep elf archers
  A necromancer (D:15)
  13 deep elf zephyrmancers
  19 deep elf pyromancers
  12 ugly things
  A tengu skeleton (D:15)
  An orc sorcerer (Orc:2)
  2 manticores
  6 cyclopes
  A fire giant zombie (D:15)
  2 elephants (Lair:5)
  5 black mambas
  A torpor snail (Lair:5)
  A merfolk siren (Lair:2)
  4 cane toads
  4 orange demons
  A smoke demon (Lair:5)
  A gargoyle (D:12)
  11 komodo dragons
  4 ice devils
  4 rime drakes
  4 freezing wraiths
  A tengu conjurer (D:13)
  3 merfolk (Lair:2)
  9 trolls
  A meliai (Lair:2)
  A hornet (D:9)
  11 blink frogs
  7 polar bears
  Prince Ribbit (Bailey)
  A spriggan zombie (D:15)
  5 dream sheep (Lair:5)
  A centaur simulacrum (D:14)
  27 slime creatures
  A spriggan (shapeshifter) (Elf:2)
  3 vampires
  A shadow (D:9)
  6 wyverns
  2 wraiths (D:11)
  A water elemental (Elf:1)
  14 humans
  83 yaks
  6 fire elementals
  A basilisk (Lair:4)
  A steam dragon (D:8)
  6 vampire mosquitoes
  8 wargs (Orc:2)
  A warg (shapeshifter) (D:15)
  5 hell hounds
  15 water moccasins
  39 orc warriors
  A sky beast (D:6)
  An alligator simulacrum (IceCv)
  5 black bears
  5 boggarts (D:14)
  11 wolves
  11 ogres
  4 lemures (D:6)
  5 centaurs
  3 kobold brigands
  A gnoll sergeant (D:8)
  26 bullfrogs
  2 earth elementals
  9 killer bees
  A lindwurm simulacrum (IceCv)
  A howler monkey (D:7)
  8 electric eels
  6 jellies
  19 orc priests
  5 hounds
  A sleepcap (D:5)
  Terence (D:2)
  16 iguanas
  20 orc wizards
  14 gnolls
  7 adders
  A shadow imp (D:8)
  2 white imps (D:6)
  3 worms
  7 dart slugs
  82 orcs
  10 bats
  8 endoplasms
  A giant cockroach (D:4)
  13 goblins
  8 hobgoblins
  3 jackals (D:4)
  2 quokkas
  7 ball pythons
  17 frilled lizards
  24 kobolds
  2 rats
830 creatures vanquished.

Vanquished Creatures (collateral kills)
  A vault guard (D:12)
  A human (D:12)
2 creatures vanquished.

Vanquished Creatures (others)
  A human (D:13)
  A hound (D:11)
  An orc (Orc:1)
  23 fungi
  35 plants
  9 withered plants (D:15)
70 creatures vanquished.

Grand Total: 902 creatures vanquished

Table legend:
 A = Non-vault XP
 B = Vault XP
 C = Vault XP percentage of total XP
 D = Non-vault monster count
 E = Vault monster count
 F = Vault count percentage of total count
                 A         B        C        D         E       F
            +---------+---------+-------+---------+---------+-------
      Total |  108818 |   84508 |  43.7 |     539 |     290 |  35.0
            +---------+---------+-------+---------+---------+-------
        D:1 |      35 |       0 |   0.0 |      17 |       0 |   0.0
        D:2 |      33 |      36 |  52.2 |      17 |       1 |   5.6
        D:3 |     133 |      88 |  39.8 |      26 |       2 |   7.1
        D:4 |      98 |      39 |  28.5 |      18 |       7 |  28.0
        D:5 |     607 |       0 |   0.0 |      20 |       0 |   0.0
        D:6 |     240 |     651 |  73.1 |       5 |       1 |  16.7
        D:7 |     612 |     759 |  55.4 |      13 |      10 |  43.5
        D:8 |    3039 |     515 |  14.5 |      34 |       7 |  17.1
        D:9 |    2266 |     823 |  26.6 |      24 |       1 |   4.0
       D:10 |    5305 |    1818 |  25.5 |      37 |       2 |   5.1
       D:11 |    3085 |    1442 |  31.9 |      13 |      16 |  55.2
       D:12 |    5882 |    1431 |  19.6 |      30 |       4 |  11.8
       D:13 |    5753 |    2520 |  30.5 |       9 |       9 |  50.0
       D:14 |   13153 |    3434 |  20.7 |      35 |       7 |  16.7
       D:15 |   17808 |   14439 |  44.8 |      32 |      24 |  42.9
     Lair:1 |    3213 |    3423 |  51.6 |      15 |      32 |  68.1
     Lair:2 |    4488 |    3856 |  46.2 |      18 |      14 |  43.8
     Lair:3 |    4158 |    1726 |  29.3 |      24 |       4 |  14.3
     Lair:4 |    5308 |      42 |   0.8 |      23 |       1 |   4.2
     Lair:5 |    7538 |   11202 |  59.8 |      29 |      26 |  47.3
      Orc:1 |    2510 |       0 |   0.0 |      37 |       0 |   0.0
      Orc:2 |    1956 |    8783 |  81.8 |      26 |      60 |  69.8
      Elf:1 |   13089 |   10818 |  45.3 |      23 |      16 |  41.0
      Elf:2 |    8509 |    9693 |  53.3 |      14 |      12 |  46.2
     Bailey |       0 |    4036 | 100.0 |       0 |      26 | 100.0
      IceCv |       0 |    2934 | 100.0 |       0 |       8 | 100.0
            +---------+---------+-------+---------+---------+-------

Illustrated notes

Table legend:
 A = Kills in this place as a percentage of kills in the entire game.
 B = Kills by you in this place as a percentage of kills by you in the entire game.
 C = Kills by friends in this place as a percentage of kills by friends in the entire game.
 D = Other kills in this place as a percentage of other kills in the entire game.
 E = Experience gained in this place as a percentage of experience gained in the entire game.
 F = Experience gained in this place divided by the number of levels of this place that you have seen.
                   A       B       C       D       E      F
               +-------+-------+-------+-------+-------+----------------------
         Total | 100.0 | 100.0 | 100.0 | 100.0 | 100.0 | 7160.2
       Dungeon |  50.8 |  50.6 | 100.0 | 100.0 |  44.5 | 5736.3
          Lair |  22.4 |  22.5 |   0.0 |   0.0 |  23.3 | 8990.8
  Orcish Mines |  14.8 |  14.9 |   0.0 |   0.0 |   6.9 | 6624.5
   Elven Halls |   7.8 |   7.9 |   0.0 |   0.0 |  21.8 | 21054.5
        Bailey |   3.1 |   3.1 |   0.0 |   0.0 |   2.1 | 4036.0
      Ice Cave |   1.0 |   1.0 |   0.0 |   0.0 |   1.5 | 2934.0
               +-------+-------+-------+-------+-------+----------------------

Table legend: (Time is in decaauts)
 A = Elapsed time spent in this place.
 B = Non-inter-level travel time spent in this place.
 C = Inter-level travel time spent in this place.
 D = Time resting spent in this place.
 E = Time spent auto-exploring this place.
 F = Levels seen in this place.
 G = Mean time per level.
                   A        B        C        D        E       F      G
               +--------+--------+--------+--------+--------+-----+--------+
         Total |  32457 |  30834 |   1623 |   3077 |  21117 |  27 | 1202.1 |
       Dungeon |  20357 |  19389 |    968 |   1964 |  13662 |  15 | 1357.1 |
        Temple |    120 |     93 |     27 |      0 |     78 |   1 |  120.0 |
          Lair |   5783 |   5578 |    205 |    221 |   4050 |   5 | 1156.6 |
  Orcish Mines |   2727 |   2445 |    282 |     19 |   1638 |   2 | 1363.5 |
   Elven Halls |   2188 |   2049 |    139 |    371 |   1226 |   2 | 1094.0 |
        Bailey |   1111 |   1111 |      0 |    502 |    373 |   1 | 1111.0 |
      Ice Cave |    169 |    169 |      0 |      0 |     90 |   1 |  169.0 |
               +--------+--------+--------+--------+--------+-----+--------+

Top non-repeatable levels by time:
    D:15: 2970 daAuts
    D:14: 2377 daAuts
   Orc:2: 1762 daAuts
    D:12: 1655 daAuts
     D:7: 1423 daAuts
  Lair:5: 1388 daAuts
    D:11: 1375 daAuts
   Elf:1: 1361 daAuts
    D:10: 1344 daAuts
  Lair:4: 1280 daAuts
     D:3: 1242 daAuts
     D:9: 1219 daAuts
    D:13: 1164 daAuts
  Lair:3: 1119 daAuts
  Bailey: 1111 daAuts
